 Dungeon Crawl Stone Soup version 0.23.2 (webtiles) character file.

Game seed: 18164792288816888348

379 doot the Ruffian (level 6, -1/54 HPs)
             Began as a Troll Transmuter on Apr 8, 2019.
             Was an Initiate of Wu Jian.
             Slain by a worker ant (2 damage)
             ... on level 3 of the Dungeon.
             The game lasted 00:06:58 (2638 turns).

doot the Ruffian (Troll Transmuter)                 Turns: 2638, Time: 00:06:59

Health: -1/54      AC:  9    Str: 20    XL:     6   Next: 45%
Magic:  8/8        EV: 10    Int:  6    God:    Wu Jian [......]
Gold:   187        SH:  0    Dex: 10    Spells: 8/9 levels left

rFire    . . .     SeeInvis .     - Unarmed
rCold    . . .     Gourm    +   (no shield)
rNeg     + . .     Faith    .   i - +3 robe of Going Fast {rElec rN+ Int-4}
rPois    .         Spirit   .   (helmet restricted)
rElec    +         Reflect  .   (no cloak)
rCorr    .         Harm     .   (gloves unavailable)
MR       .....                  (boots unavailable)
Stlth    ..........             (no amulet)
HPRegen  0.58/turn              k - ring of attention (curse)
MPRegen  0.11/turn              (no ring)

@: lethally poisoned (-1 -> -2), flying
A: large, unfitting armour, antennae 1, claws 3, fast metabolism 3, gourmand,
sense surroundings 1, regeneration 1, shaggy fur 1, tough skin 3
a: Renounce Religion


You were on level 3 of the Dungeon.
You worshipped Wu Jian.
Wu Jian was noncommittal.
You were completely stuffed.

You visited 1 branch of the dungeon, and saw 5 of its levels.

You collected 187 gold pieces.

Inventory:

Missiles
 a - 27 arrows
Armour
 b - a +0 robe
 i - the +3 robe of Going Fast (worn) {rElec rN+ Int-4}
   (You found it on level 4 of the Dungeon)

   It affects your intelligence (-4).
   It insulates you from electricity.
   It protects you from negative energy.
 l - a +1 robe of cold resistance
Jewellery
 k - a cursed ring of attention (left claw)
Scrolls
 e - 2 scrolls of amnesia {unknown}
 j - 3 scrolls of remove curse {unknown}
 m - a scroll of fog {unknown}
 n - a scroll of enchant armour {unknown}
 o - a scroll of identify
Potions
 f - a potion of brilliance
 g - a potion of mutation
Comestibles
 d - 6 rations


   Skills:
 + Level 0.8 Fighting
 + Level 2.8 Dodging
 + Level 0.2 Stealth
 + Level 5.1 Unarmed Combat
 + Level 2.4 Spellcasting
 + Level 2.1 Transmutations


You had 8 spell levels left.
You knew the following spells:

 Your Spells              Type           Power        Failure   Level  Hunger
a - Beastly Appendage     Tmut           #.....       16%         1    ##.....

Your spell library contained the following spells:

 Spells                   Type           Power        Failure   Level  Hunger
 Sticks to Snakes         Tmut           #.......     24%         2    ###....
 Spider Form              Tmut/Pois      #.........   58%         3    ####...
 Ice Form                 Ice/Tmut       #.......     94%         4    #####..
 Blade Hands              Tmut           #.........   99%         5    ######.


Dungeon Overview and Level Annotations

Branches:
Dungeon (5/15)
 Temple: D:4-7

Altars:
Gozag
Makhleb
Wu Jian


Innate Abilities, Weirdness & Mutations

You are too large for most types of armour.
You have claws for hands.
Your metabolism is lightning-fast.
You like to eat raw meat.
Your natural rate of healing is unusually fast.
You are covered in fur. (AC +1)
You have extremely tough skin. (AC +3)
You have a pair of small antennae on your head.
You passively map a small area around you.


Message History

You feel sick. The worker ant bites you.
* * * LOW HITPOINT WARNING * * *
You are more poisoned.
The worker ant poisons you!
You feel sick.
You feel sick.
You feel sick.
You feel sick. The worker ant bites you.
* * * LOW HITPOINT WARNING * * *
It was a potion of cancellation.
You feel magically purged.
* * * LOW HITPOINT WARNING * * *
You feel sick.
The worker ant bites you but does no damage.
It was a potion of flight.
You feel very buoyant.
You fly up into the air.
* * * LOW HITPOINT WARNING * * *
You feel sick. The worker ant bites you.
You die...

.#.# #......#.#.#.# #.#
.#.# ####......#.#.#.#
#.# .#.#
#...........#...# #.#
.#.#####.############..#
#.# .#.......# #.># #.#
########## #######.# #.#
#.......# #.# #a#######
#.#### #@# #..... #)#
###### #.# #)#
########## #.#
.........# #.#
########.# #.# #.# #.#
#.# #.#


You could see a worker ant.

Vanquished Creatures
  An ice beast (D:5)
  A centaur skeleton (D:4)
  An iguana (D:4)
  An orc wizard (D:4)
  A worker ant (D:4)
  4 gnolls
  6 adders
  An ooze (D:4)
  An adder skeleton (D:4)
  3 worms
  3 leopard geckos
  6 orcs
  5 giant cockroaches
  6 goblins
  8 hobgoblins
  4 jackals (D:3)
  4 quokkas
  5 bats
  7 frilled lizards
  5 kobolds
  3 rats
76 creatures vanquished.

Notes
Turn   | Place    | Note
-------+----------+-------------------------------------------
     0 | D:1      | doot the Troll Transmuter began the quest for the Orb.
     0 | D:1      | Reached XP level 1. HP: 18/18 MP: 1/1
    85 | D:1      | Reached XP level 2. HP: 24/26 MP: 0/3
   759 | D:1      | Reached XP level 3. HP: 32/32 MP: 2/4
  1044 | D:2      | Found a burning altar of Makhleb.
  1127 | D:3      | Reached XP level 4. HP: 40/40 MP: 3/5
  1144 | D:3      | Reached skill level 4 in Unarmed Combat
  1344 | D:4      | Got an ominously black robe
  1355 | D:4      | Identified the +3 robe of Going Fast {rElec rN+ Int-4} (You
                  | found it on level 4 of the Dungeon)
  1459 | D:4      | Reached XP level 5. HP: 12/46 MP: 5/7
  1620 | D:4      | Found an ornate altar of the Wu Jian Council.
  1643 | D:4      | Became a worshipper of the Wu Jian Council
  1774 | D:3      | Found an opulent altar of Gozag.
  1818 | D:3      | Gained mutation: You passively map a small area around you.
                  | [potion of mutation]
  1818 | D:3      | Gained mutation: You have a pair of small antennae on your
                  | head. [potion of mutation]
  2547 | D:4      | Reached XP level 6. HP: 48/54 MP: 6/8
  2554 | D:5      | Entered Level 5 of the Dungeon
  2554 | D:5      | Noticed an ice beast
  2563 | D:5      | Killed an ice beast
  2563 | D:5      | Reached skill level 5 in Unarmed Combat
  2636 | D:3      | HP: 2/54 [worker ant (3)]
  2638 | D:3      | Slain by a worker ant

Skill      XL: |  1  2  3  4  5  6 |
---------------+-------------------+-----
Dodging        | 2 |  2.8
Unarmed Combat | 4 5 |  5.1
Spellcasting   | 2 |  2.4
Transmutations | 2 |  2.1
Fighting       | |  0.8
Stealth        | |  0.2

Action                   |  1- 3 |  4- 6 || total
-------------------------+-------+-------++-------
Melee: Unarmed           |    94 |   112 ||   206
       Kick              |     8 |     5 ||    13
       Headbutt          |     3 |     3 ||     6
       Punch             |     1 |     3 ||     4
 Cast: Beastly Appendage |    23 |    14 ||    37
Invok: Lunge             |       |     8 ||     8
  Use: Scroll            |       |     3 ||     3
       Potion            |       |     3 ||     3
 Stab: Sleeping          |       |     1 ||     1
  Eat: Chunk             |    11 |    20 ||    31
Armor: Robe              |    39 |    62 ||   101
Dodge: Dodged            |    45 |    74 ||   119
